 Dungeon Crawl Stone Soup version 0.25-a0-614-g73ad250 (webtiles) character file.

Game seed: 16117720004580477924, levelgen mode: deterministic

9410 15 the Bolt Thrower (level 11, -2/83 HPs)
             Began as a Formicid Hunter on Mar 15, 2020.
             Was an Elder of Okawaru.
             Slain by a cyan ugly thing (5 damage)
             ... on level 11 of the Dungeon on Mar 17, 2020.
             The game lasted 00:55:41 (10097 turns).

15 the Bolt Thrower (Formicid Hunter)              Turns: 10097, Time: 00:55:42

Health: -2/83      AC: 11    Str: 16    XL:     11   Next: 73%
Magic:  19/19      EV: 16    Int: 12    God:    Okawaru [****..]
Gold:   176        SH: 10    Dex: 16    Spells: 13/20 levels left

rFire    . . .     SeeInvis +   G - +4 battleaxe
rCold    . . .     Gourm    .   q - +0 buckler
rNeg     . . .     Faith    .   p - +3 scale mail
rPois    .         Spirit   .   (helmet unavailable)
rElec    .         Reflect  .   s - scarf {repulsion}
rCorr    .         Harm     .   (no gloves)
MR       +....                  (no boots)
Stlth    +++.......             (no amulet)
HPRegen  0.23/turn              i - +4 ring of dexterity
MPRegen  0.16/turn              n - +2 ring of slaying

@: heroism, repel missiles
A: permanent stasis, dig shafts and tunnels, four strong arms, antennae 3, large
bone plates 1, weak 1, evolution 1
a: Dig, Shaft Self, Heroism, Renounce Religion


You were on level 11 of the Dungeon.
You worshipped Okawaru.
Okawaru was greatly pleased with you.
You were not hungry.

You visited 2 branches of the dungeon, and saw 12 of its levels.
You also visited: Ossuary.

You collected 592 gold pieces.
You spent 416 gold pieces at shops.

Inventory:

Hand Weapons
 a - a +1 hand crossbow
 b - a +0 great sword
 e - a +3 whip of electrocution
 x - a +0 flail of draining
 F - a +4 flail of freezing
 G - a +4 battleaxe (weapon)
Missiles
 d - 159 bolts
Armour
 c - a +1 leather armour
 k - a +0 chain mail
 p - a +3 scale mail (worn)
 q - a +0 buckler (worn)
 s - a scarf of repulsion (worn)
Magical Staves
 z - an uncursed staff of summoning
 D - an uncursed staff of wizardry
Jewellery
 g - an uncursed ring of magical power
 i - a +4 ring of dexterity (left hand)
 n - a +2 ring of slaying (right hand)
 r - an uncursed ring of fire
 v - an uncursed ring of ice
 H - a +3 ring of evasion
 J - an uncursed ring of resist corrosion
Wands
 t - a wand of enslavement (8)
 u - a wand of iceblast (9)
 y - a wand of paralysis (17)
Scrolls
 j - 2 scrolls of enchant weapon
 m - 5 scrolls of remove curse
 o - 3 scrolls of enchant armour
 A - a scroll of magic mapping
 E - a scroll of fear {unknown}
 I - a scroll of holy word
Potions
 l - 5 potions of brilliance
 B - 3 potions of flight
Comestibles
 f - 20 rations
 w - 3 chunks of flesh


   Skills:
 * Level 6.4(11.4) Fighting
   Level 1.5(8.9) Short Blades
 + Level 5.6(10.8) Long Blades
 * Level 3.7(9.5) Axes
 * Level 3.6(9.4) Maces & Flails
 * Level 7.5(12.5) Crossbows
 * Level 5.7(10.7) Armour
 * Level 5.4(10.4) Dodging
 + Level 4.8(9.8) Stealth
 * Level 2.1(7.1) Shields
 * Level 5.4 Spellcasting
 * Level 3.5 Conjurations
 * Level 4.3 Ice Magic
 * Level 3.5 Invocations
 * Level 3.6 Evocations


You had 13 spell levels left.
You knew the following spells:

 Your Spells              Type           Power        Failure   Level  Hunger
a - Frozen Ramparts       Ice            ##....       28%         3    ###....
b - Hailstorm             Conj/Ice       ##......     71%         4    ####...

Your spell library contained the following spells:

 Spells                   Type           Power        Failure   Level  Hunger
 Freeze                   Ice            ##..         10%         1    None
 Animate Skeleton         Necr           N/A          47%         1    None
 Pain                     Necr           #...         47%         1    None
 Ozocubu's Armour         Chrm/Ice       #.......     54%         3    ###....
 Vampiric Draining        Necr           #.........   85%         3    ###....
 Summon Ice Beast         Ice/Summ       #.......     91%         4    ####...
 Animate Dead             Necr           N/A          99%         4    ####...
 Agony                    Necr           #.......     100%        5    ######.


Dungeon Overview and Level Annotations

Branches:
Dungeon (11/15)            Temple (1/1) D:7            Lair (0/6) D:10
    Orc (0/2) D:9         Ossuary (visited)

Altars:
Ashenzari
Cheibriados
Dithmenos
Elyvilon
Fedhas
Gozag
Hepliaklqana
Kikubaaqudgha
Makhleb
Nemelex Xobeh
Okawaru
Qazlal
Ru
Sif Muna
Trog
Uskayaw
Vehumet
Wu Jian
Xom
Yredelemnul
Zin
The Shining One

Shops:
D:5 !::(   D:6 [   D:7 ?   D:8 (

Annotations:
D:7 2 transporters, CzarTim's ghost, novice DrTm


Innate Abilities, Weirdness & Mutations

You cannot be hasted, slowed, berserked, paralysed or teleported.
You can dig through walls and to a lower floor.
Your four strong arms can wield two-handed weapons with a shield.
You have a pair of large antennae on your head. (SInv)
You are partially covered in large bone plates. (SH +4)
You are weak. (Str -2)
You evolve.


Message History

You see here an arrow.
There is a stone staircase leading up here.
You completely miss the cyan ugly thing.
The cyan ugly thing tentacle-slaps you but does no damage.
You closely miss the cyan ugly thing. The cyan ugly thing tentacle-slaps you.
The cyan ugly thing shocks you!
* * * LOW HITPOINT WARNING * * *
You closely miss the cyan ugly thing.
The phantom blinks!
You block the cyan ugly thing's attack.
You slice the cyan ugly thing!!
The cyan ugly thing is moderately wounded.
The cyan ugly thing tentacle-slaps you but does no damage.
The cyan ugly thing tentacle-slaps you.
* * * LOW HITPOINT WARNING * * *
The cyan ugly thing shocks you!
* * * LOW HITPOINT WARNING * * *
You slash the cyan ugly thing!
The cyan ugly thing is moderately wounded.
The cyan ugly thing tentacle-slaps you.
You die...

#.....# #.....# s.
#.....# {
...##.....######.#
.................>
.###..{.(..####.
###)##.....#
#######)##.....#
#@uccs(.##{....#
##########.....#
..$..... ..c.....#
........#
.........#


You could see a cyan ugly thing, 2 centaurs and a scorpion.

Vanquished Creatures
  2 two-headed ogres
  An unseen horror (D:10)
  A hippogriff (D:11)
  Sigmund (D:3)
  6 yaks (D:10)
  A wyvern (D:10)
  A hungry ghost (D:8)
  Edmund (D:6)
  2 orc warriors
  A sky beast (D:10)
  2 black bears (D:10)
  An eye of draining (D:8)
  2 phantoms (D:5)
  A necrophage (D:8)
  8 ogres
  5 centaurs
  A big kobold (D:7)
  5 elf zombies (Ossuary)
  6 bullfrogs
  2 scorpions (D:8)
  10 killer bees
  8 wights
  5 howler monkeys
  4 crimson imps
  4 human zombies (Ossuary)
  A quasit (D:10)
  A bullfrog zombie (D:8)
  8 hounds
  3 jellies
  6 centaur zombies
  5 orc priests
  2 bullfrog skeletons
  15 orc wizards
  Natasha (thrice) (D:2)
  4 iguanas
  10 worker ants
  A killer bee zombie (D:8)
  3 mummies (Ossuary)
  2 hound zombies
  A hound skeleton (D:5)
  A worker ant zombie (D:9)
  Robin (D:2)
  7 gnolls
  11 adders
  3 shadow imps
  4 worms
  4 dart slugs
  8 leopard geckos
  25 orcs
  2 ball pythons
  2 giant cockroaches
  15 goblins
  8 hobgoblins
  7 jackals
  2 quokkas
  A bat (D:2)
  2 frilled lizards
  15 kobolds
  12 rats
276 creatures vanquished.

Vanquished Creatures (others)
  A bullfrog (D:8)
  An orc (D:8)
2 creatures vanquished.

Grand Total: 278 creatures vanquished

Notes
Turn   | Place    | Note
-------+----------+-------------------------------------------
     0 | D:1      | 15 the Formicid Hunter began the quest for the Orb.
     0 | D:1      | Reached XP level 1. HP: 16/16 MP: 1/1
   107 | D:1      | Reached XP level 2. HP: 11/22 MP: 2/2
   264 | D:1      | Reached skill level 1 in Armour
   674 | D:1      | Reached XP level 3. HP: 27/28 MP: 3/3
   947 | D:2      | Noticed Robin
   972 | D:2      | Reached XP level 4. HP: 20/34 MP: 5/5
   973 | D:2      | Killed Robin
  1056 | D:2      | Reached skill level 1 in Spellcasting
  1119 | D:2      | Found a hazy altar of Hepliaklqana.
  1348 | D:2      | Noticed Natasha
  1361 | D:2      | Killed Natasha
  1361 | D:2      | Reached XP level 5. HP: 19/40 MP: 6/6
  1825 | D:2      | Noticed Natasha
  1830 | D:2      | Killed Natasha
  1883 | D:2      | Noticed Natasha
  1901 | D:2      | Killed Natasha
  1901 | D:2      | Reached skill level 5 in Crossbows
  2076 | D:3      | Found a radiant altar of Vehumet.
  2108 | D:3      | Found a glowing silver altar of Zin.
  2118 | D:3      | Found a snail-covered altar of Cheibriados.
  2135 | D:3      | Reached XP level 6. HP: 45/47 MP: 8/8
  2140 | D:3      | Upgraded the game from 0.25-a0-598-gc9c9e4c to
                  | 0.25-a0-611-g6918904
  2286 | D:3      | Reached skill level 1 in Short Blades
  2477 | D:3      | Found a faded altar of an unknown god.
  2502 | D:3      | Noticed Sigmund
  2529 | D:3      | Killed Sigmund
  2529 | D:3      | Reached XP level 7. HP: 23/53 MP: 10/10
  2551 | D:3      | Found a stormy altar of Qazlal.
  2742 | D:3      | Found a sacrificial altar of Ru.
  2790 | D:3      | Found a sparkling altar of Nemelex Xobeh.
  3273 | D:4      | Gained mutation: Your spells are a little easier to cast,
                  | but a little less powerful. [potion of mutation]
  3273 | D:4      | Gained mutation: You are robust. (+10% HP) [potion of
                  | mutation]
  3273 | D:4      | Gained mutation: Your muscles are strong. (Str +2) [potion
                  | of mutation]
  3549 | D:4      | Learned a level 3 spell: Frozen Ramparts
  3751 | D:4      | Reached skill level 1 in Long Blades
  3751 | D:4      | Reached XP level 8. HP: 66/66 MP: 12/12
  3957 | D:5      | Entered Level 5 of the Dungeon
  3976 | D:5      | Found Syrin's Book Emporium.
  4047 | D:5      | Reached skill level 1 in Ice Magic
  4084 | D:5      | Reached skill level 6 in Crossbows
  4154 | D:5      | Found Quemmulo's Book Boutique.
  4443 | D:5      | Found a shimmering blue altar of Sif Muna.
  4463 | D:5      | Found Vouvuoth's Antique Weapon Emporium.
  4473 | D:5      | Bought a great sword for 143 gold pieces
  4524 | D:5      | Found a shadowy altar of Dithmenos.
  4590 | D:5      | Found Secun's Distillery.
  4627 | D:5      | Bought a potion of mutation for 88 gold pieces
  4627 | D:5      | Bought a potion of might for 44 gold pieces
  4627 | D:5      | Bought a potion of curing for 33 gold pieces
  4627 | D:5      | Lost mutation: You are robust. (+10% HP) [potion of
                  | mutation]
  4627 | D:5      | Lost mutation: Your muscles are strong. (Str +2) [potion of
                  | mutation]
  4627 | D:5      | Gained mutation: You are partially covered in large bone
                  | plates. (SH +4) [potion of mutation]
  4627 | D:5      | Gained mutation: You evolve. [potion of mutation]
  4747 | D:6      | Found a white marble altar of Elyvilon.
  4752 | D:6      | Noticed Edmund
  4772 | D:6      | Killed Edmund
  4774 | D:6      | Reached skill level 1 in Maces & Flails
  4774 | D:6      | Reached XP level 9. HP: 54/66 MP: 14/14
  4867 | D:6      | Found Jeaps's Armour Boutique.
  4923 | D:6      | Got an ominously black robe
  4950 | D:6      | Identified the +5 robe of the Gate {Str-4 Dex+5 Slay+2}
                  | (You found it on level 6 of the Dungeon)
  5327 | D:7      | Found Wuticaes's Magic Scroll Boutique.
  5333 | D:7      | Bought a scroll of remove curse for 36 gold pieces
  5333 | D:7      | Bought a scroll of identify for 24 gold pieces
  5333 | D:7      | Bought a scroll of identify for 24 gold pieces
  5333 | D:7      | Bought a scroll of identify for 24 gold pieces
  5354 | D:7      | Found a staircase to the Ecumenical Temple.
  5368 | D:7      | Reached skill level 1 in Evocations
  5385 | Temple   | Entered the Ecumenical Temple
  5777 | Temple   | Became a worshipper of Warmaster Okawaru
  5827 | D:7      | Reached skill level 5 in Fighting
  6021 | D:7      | Found a transporter.
  6029 | D:7      | Noticed CzarTim's ghost (novice DrTm)
  6036 | D:7      | Learned a level 4 spell: Hailstorm
  6047 | D:7      | Found a transporter.
  6413 | D:7      | Reached skill level 1 in Conjurations
  6503 | D:8      | Reached * piety under Okawaru
  6569 | D:8      | Noticed a two-headed ogre
  6583 | D:8      | Killed a two-headed ogre
  6583 | D:8      | Reached ** piety under Okawaru
  6583 | D:8      | Reached skill level 1 in Invocations
  6583 | D:8      | Reached XP level 10. HP: 38/74 MP: 16/16
  6646 | D:8      | Reached skill level 7 in Crossbows
  6747 | D:8      | Found a sand-covered staircase.
  6751 | Ossuary  | Entered an ossuary
  6972 | Ossuary  | Reached skill level 5 in Armour
  6974 | Ossuary  | Reached *** piety under Okawaru
  7098 | D:8      | Gained mutation: You are weak. (Str -2) [evolution]
  7228 | D:8      | Reached skill level 5 in Long Blades
  7246 | D:8      | Found Wigulowne's Antique Weapon Shop.
  7603 | D:9      | Reached **** piety under Okawaru
  7636 | D:9      | Upgraded the game from 0.25-a0-611-g6918904 to
                  | 0.25-a0-614-g73ad250
  7710 | D:9      | Reached skill level 1 in Axes
  7759 | D:9      | Reached XP level 11. HP: 39/81 MP: 18/18
  7798 | D:9      | Found a burning altar of Makhleb.
  7940 | D:9      | Found a staircase to the Orcish Mines.
  8267 | D:10     | Entered Level 10 of the Dungeon
  8355 | D:10     | Reached skill level 5 in Dodging
  8381 | D:10     | Reached skill level 5 in Spellcasting
  8709 | D:10     | Got a brightly glowing robe
  8720 | D:10     | Identified the +1 robe of Dramatic Exits {rPois Dex+7} (You
                  | found it on level 10 of the Dungeon)
  8737 | D:10     | Received a gift from Okawaru
  8900 | D:10     | Reached skill level 1 in Shields
  9071 | D:10     | Lost mutation: Your spells are a little easier to cast, but
                  | a little less powerful. [evolution]
  9540 | D:10     | Found a staircase to the Lair.
  9549 | D:10     | Noticed a two-headed ogre
  9561 | D:10     | Killed a two-headed ogre
  9628 | D:10     | Noticed an unseen horror
  9640 | D:10     | Killed an unseen horror
  9640 | D:10     | Received a gift from Okawaru
  9640 | D:10     | Reached ***** piety under Okawaru
 10085 | D:11     | Noticed a cyan ugly thing
 10096 | D:11     | HP: 3/83 [cyan ugly thing (16)]
 10097 | D:11     | Slain by a cyan ugly thing

Levels and vault maps discovered:
D:1:      dpeg_arrival_line_fractal, layout_basic, roderic_serpentine_path
D:2:      layout_loops_cross, lemuel_doored_altar, first_ration, uniq_natasha,
          uniq_robin
D:3:      layout_basic, nicolae_overflow_hidden_temple,
          nicolae_overflow_quartered_altars,
          chequers_ecumenical_altar_simple_redux, serial_bayou_lagoon_a,
          nicolae_qazlal_eye_of_the_storm, uniq_sigmund
D:4:      layout_loops_ring
D:5:      layout_gridville, nicolae_overflow_crystal_walls, serial_shops, shop,
          nicolae_shop_overgrown_old_shop, shop, nicolae_shop_waterfront,
          grunt_dithmenos_shadows
D:6:      layout_loops_cross, overflow_temple_1_default, serial_shops,
          nicolae_shop_waterfront, uniq_edmund
D:7:      layout_rooms, temple_fountains, gammafunk_ghost_stat_death,
          serial_shops, shop_scrolls
D:8:      layout_rooms, enter_ossuary_5, serial_shops, shop
D:9:      layout_cave_pools, makhleb_heckhound_becter, orc_0_dummy
D:10:     layout_stronghold, lair_entry_dummy
D:11:     layout_basic, nicolae_transmutations_shop, grunt_pizzeria
Temple:   hc_temple_tempest_star

Skill      XL: |  1  2  3  4  5  6  7  8  9 10 11 |
---------------+----------------------------------+-----
Armour         | 1 2 3 4 5 |  5.7
Dodging        | 2 3 4 5 |  5.4
Spellcasting   | 1 2 3 4 5 |  5.4
Fighting       | 3 4 5 6 |  6.4
Crossbows      | 5 6 7 |  7.5
Short Blades   | 1 |  1.5
Stealth        | 3 4 |  4.8
Long Blades    | 1 2 4 5 |  5.6
Ice Magic      | 1 2 3 4 |  4.3
Maces & Flails | 1 2 3 |  3.6
Evocations     | 2 3 |  3.6
Conjurations   | 1 3 |  3.5
Invocations    | 1 2 3 |  3.5
Axes           | 1 3 |  3.7
Shields        | 2 |  2.1

Action                   |  1- 3 |  4- 6 |  7- 9 | 10-12 || total
-------------------------+-------+-------+-------+-------++-------
Melee: Short sword       |    44 |    64 |    13 |       ||   121
       Falchion          |       |     8 |    76 |       ||    84
       Scythe            |       |       |     8 |       ||     8
       Whip              |       |       |    68 |   127 ||   195
       Great sword       |       |       |    74 |    93 ||   167
       Rapier            |       |       |     4 |       ||     4
       Battleaxe         |       |       |       |   150 ||   150
       Flail             |       |       |       |     9 ||     9
 Fire: Hand crossbow     |    25 |    77 |    69 |    48 ||   219
Invok: Heroism           |       |       |       |     7 ||     7
Evoke: Wand              |       |       |       |     7 ||     7
  Use: Scroll            |     4 |     1 |     9 |     8 ||    22
       Potion            |     3 |       |     9 |     7 ||    19
 Stab: Sleeping          |     1 |     3 |     6 |       ||    10
       Distracted        |       |       |     2 |     1 ||     3
       Paralysed         |       |       |       |     6 ||     6
  Eat: Chunk             |       |     5 |    11 |    14 ||    30
       Ration            |       |       |     1 |       ||     1
Armor: Leather armour    |    19 |    16 |    55 |     2 ||    92
       Skin              |     4 |       |    33 |    11 ||    48
       Scale mail        |       |       |       |   134 ||   134
Dodge: Dodged            |    32 |    56 |   199 |   228 ||   515
       Deflected         |       |       |     6 |     2 ||     8
Block: Other             |       |       |    15 |    32 ||    47
       Buckler           |       |       |       |   114 ||   114
       Rpst.: Falchion   |       |     4 |    21 |       ||    25
       Great sword       |       |       |    24 |    28 ||    52

Table legend:
 A = Non-vault XP
 B = Vault XP
 C = Vault XP percentage of total XP
 D = Non-vault monster count
 E = Vault monster count
 F = Vault count percentage of total count
                 A         B        C        D         E       F
            +---------+---------+-------+---------+---------+-------
      Total |   12110 |    1333 |   9.9 |     244 |      32 |  11.6
            +---------+---------+-------+---------+---------+-------
        D:1 |      31 |       0 |   0.0 |      19 |       0 |   0.0
        D:2 |     142 |      71 |  33.3 |      21 |      13 |  38.2
        D:3 |     255 |     208 |  44.9 |      29 |       1 |   3.3
        D:4 |     392 |       0 |   0.0 |      19 |       0 |   0.0
        D:5 |     577 |      11 |   1.9 |      24 |       1 |   4.0
        D:6 |     515 |     164 |  24.2 |      12 |       1 |   7.7
        D:7 |     947 |       0 |   0.0 |      21 |       0 |   0.0
        D:8 |    2704 |       0 |   0.0 |      33 |       0 |   0.0
        D:9 |     986 |      43 |   4.2 |      18 |       1 |   5.3
       D:10 |    4878 |       0 |   0.0 |      42 |       0 |   0.0
       D:11 |     683 |       0 |   0.0 |       6 |       0 |   0.0
    Ossuary |       0 |     836 | 100.0 |       0 |      15 | 100.0
            +---------+---------+-------+---------+---------+-------
